 Dungeon Crawl Stone Soup version 0.30.1-9-gdf580d7c3d (webtiles) character file.

Game seed: 15310531744711163072

1714 cloudzero the Covered (level 8, -1/73 HPs)
             Began as a Minotaur Berserker on Oct 7, 2023.
             Was an Elder of Trog.
             Succumbed to a hornet's poison
             ... on level 7 of the Dungeon.
             The game lasted 00:21:53 (6184 turns).

cloudzero the Covered (Minotaur Berserker)          Turns: 6184, Time: 00:21:54

Health: -1/73      AC: 18    Str: 30    XL:     8   Next: 74%
Magic:  7/7        EV:  9    Int:  7    God:    Trog [****..]
Gold:   389        SH:  0    Dex: 10    Spells: 7/7 levels left

rFire   . . .        p - +7 whip of the Dove {venom, Int+3}
rCold   . . .        (no shield)
rNeg    . . .        o - +0 plate armour
rPois   .            (helmet restricted)
rElec   .            (no cloak)
rCorr   .            c - +0 pair of gloves
SInv    .            (no boots)
Will    .....        (no amulet) Stlth
                     e - +6 ring of strength
HPRegen 0.32/turn    t - +4 ring of protection
MPRegen 0.10/turn

%: no passive effects
@: lethally poisoned (-1 -> -8), weakened, on berserk cooldown, slowed, very
slow
A: horns 2, retaliatory headbutt
a: Renounce Religion, Berserk, Trog's Hand, Brothers in Arms


You were on level 7 of the Dungeon.
You worshipped Trog.
Trog was greatly pleased with you.
You visited 1 branch of the dungeon, and saw 7 of its levels.
You also visited: Ossuary.

You collected 389 gold pieces.

Inventory:

Hand Weapons
 p - the +7 whip of the Dove (weapon) {venom, Int+3}
   (You found it on level 3 of the Dungeon)

   Int:       It affects your intelligence (+3).
 y - a +4 flail of protection
Armour
 c - a +0 pair of gloves (worn)
 o - a +0 plate armour (worn)
Jewellery
 e - a +6 ring of strength (left hand)
 t - a +4 ring of protection (right hand)
 J - a +6 ring of dexterity
Wands
 u - a wand of iceblast (6)
 B - a wand of charming (14)
Scrolls
 d - 7 scrolls of identify
 f - 2 scrolls of torment {unknown}
 h - 2 scrolls of amnesia
 m - 2 scrolls of silence {unknown}
 q - a scroll of enchant weapon {unknown}
 r - 3 scrolls of teleportation
 s - a scroll of noise {unknown}
 w - 2 scrolls of blinking {unknown}
 A - 3 scrolls of enchant armour
 C - 2 scrolls of magic mapping {unknown}
 D - 2 scrolls of immolation {unknown}
 E - a scroll of poison {unknown}
 F - a scroll of fog {unknown}
 H - 2 scrolls of vulnerability {unknown}
Potions
 g - a potion of might {unknown}
 j - 4 potions of brilliance {unknown}
 k - a potion of berserk rage {unknown}
 n - 6 potions of curing {unknown}
 v - a potion of mutation {unknown}
 x - 2 potions of flight {unknown}
 z - a potion of cancellation {unknown}
 G - 5 potions of degeneration {unknown}
 I - a potion of heal wounds {unknown}


   Skills:
 + Level 7.1 Fighting
 - Level 5.4(6.8) Axes
 * Level 6.2(7.2) Maces & Flails
 * Level 7.4 Armour
 + Level 5.5 Dodging
 - Level 1.0 Stealth


You had 7 spell levels left.
You didn't know any spells.
Your spell library contained the following spells:

 Spells                   Type           Power      Damage    Failure   Level
 Kiss of Death            Conj/Necr      0%         2d5       98%         1
 Call Canine Familiar     Summ           0%         N/A       100%        3
 Confusing Touch          Hex            0%         N/A       100%        3
 Portal Projectile        Hex/Tloc       0%         N/A       100%        3
 Dispel Undead            Necr           0%         3d6       100%        4
 Leda's Liquefaction      Hex/Erth       0%         N/A       100%        4


Dungeon Overview and Level Annotations

Branches:
Dungeon (7/15)             Temple (0/1) D:5         Ossuary (visited)

Altars:
Ashenzari
Fedhas
Gozag
Makhleb
Qazlal
Ru
Vehumet
Wu Jian
Xom
Yredelemnul
Zin
The Shining One

Shops:
D:5 =


Innate Abilities, Weirdness & Mutations

You have a pair of horns on your head.
You reflexively headbutt those who attack you in melee.


Message History

The hornet stings you but does no damage.
The hornet stings you.
You are poisoned.
You feel as though you will be slow longer.
The orc warrior barely misses you. The orc hits you but does no damage.
The orc priest mumbles some strange prayers to Beogh against you.
Beogh smites you!
You feel sick. The hornet stings you!
You are more poisoned.
You feel as though you will be slow longer.
The orc warrior hits you but does no damage.
The gnoll bouda barks out a call to the hunt!
The gnolls pick up the pace!
The orc hits you but does no damage.
The hornet stings you but does no damage.
You are no longer berserk.
You feel as though you will be slow longer.
You feel very sick. The hornet stings you.
You feel as though you will be slow longer.
The orc warrior hits you from afar with a +0 halberd.
The gnoll bouda gazes fiercely through you!
You feel your attacks grow feeble. The orc hits you but does no damage.
You can move again.
You closely miss the orc.
You feel very sick. The hornet barely misses you.
The orc warrior hits you but does no damage.
The hornet stings you.
* * * LOW HITPOINT WARNING * * *
You feel as though you will be slow longer.
The orc hits you with a +0 dagger.
* * * LOW HITPOINT WARNING * * *
You are too injured to fight recklessly!
You feel very sick. The hornet stings you!
* * * LOW HITPOINT WARNING * * *
You feel as though you will be slow longer.
You die...

...####.#.##..†<......#
#. #..#.####....###.#
###.......###...# .
#...............#
....#.......#####...
#.<###.......# ##... ..
##..#.### #### . #.##.#
#@##.# #.##.# #y##.#
#og.K.# {ooK.g...
..g5Ko.... #..........
...........
.#..........


You could see a hornet, an orc warrior, an orc priest, 2 gnolls, a shadow imp,
an orc and a kobold.

Vanquished Creatures
  Grinder (D:5)
  Edmund (D:5)
  Duvessa (D:5)
  A water moccasin (D:7)
  An ice beast (D:6)
  A black bear (D:6)
  2 scorpions (D:5)
  Dowan (D:5)
  A howler monkey (D:6)
  A jelly (D:4)
  A hound (D:7)
  3 orc priests
  2 sleepcaps
  3 iguanas
  2 orc wizards
  Natasha (thrice) (D:2)
  13 mummies (Ossuary)
  7 adders
  3 ufetubi
  3 worms
  4 dart slugs
  30 orcs
  6 bats
  7 endoplasms
  3 giant cockroaches
  5 hobgoblins
  3 jackals (D:3)
  5 quokkas
  4 ball pythons
  6 frilled lizards
  A gnoll skeleton (Ossuary)
  9 goblins
  3 goblin skeletons (Ossuary)
  3 kobold skeletons (Ossuary)
  An orc skeleton (Ossuary)
  A quokka zombie (D:6)
  5 rats
  11 rat skeletons (Ossuary)
  A rat zombie (D:6)
159 creatures vanquished.

Notes
Turn   | Place    | Note
-------+----------+-------------------------------------------
     0 | D:1      | cloudzero the Minotaur Berserker began the quest for the
                  | Orb.
     0 | D:1      | Reached XP level 1. HP: 19/19 MP: 0/0
   149 | D:1      | Reached XP level 2. HP: 27/27 MP: 1/1
   382 | D:1      | Reached ** piety under Trog
   907 | D:2      | Found a burning altar of Makhleb.
   941 | D:2      | Reached XP level 3. HP: 33/33 MP: 2/2
  1162 | D:2      | Noticed Natasha
  1168 | D:2      | Killed Natasha
  1169 | D:2      | Reached XP level 4. HP: 29/41 MP: 3/3
  1326 | D:2      | Noticed Natasha
  1337 | D:2      | Killed Natasha
  1402 | D:2      | Noticed Natasha
  1416 | D:2      | Killed Natasha
  1417 | D:2      | Reached skill level 5 in Fighting
  1417 | D:2      | Reached XP level 5. HP: 24/48 MP: 4/4
  2048 | D:3      | Reached skill level 5 in Axes
  2048 | D:3      | Reached skill level 1 in Stealth
  2117 | D:3      | Identified the +7 whip of the Dove {venom, Int+3}
  2198 | D:3      | Found a faded altar of an unknown god.
  2712 | D:4      | Reached *** piety under Trog
  3011 | D:4      | Found a radiant altar of Vehumet.
  3094 | D:4      | Reached XP level 6. HP: 50/56 MP: 5/5
  3135 | D:4      | Found a sacrificial altar of Ru.
  3304 | D:4      | Found a broken altar of Ashenzari.
  3594 | D:4      | Found a glowing golden altar of the Shining One.
  3732 | D:5      | Entered Level 5 of the Dungeon
  3957 | D:5      | Found a staircase to the Ecumenical Temple.
  4001 | D:5      | Noticed Duvessa
  4009 | D:5      | Killed Duvessa
  4010 | D:5      | Reached skill level 1 in Maces & Flails
  4029 | D:5      | Noticed Dowan
  4037 | D:5      | Killed Dowan
  4083 | D:5      | Reached XP level 7. HP: 59/62 MP: 6/6
  4215 | D:5      | Found Wunin's Jewellery Shoppe.
  4215 | D:5      | Noticed Edmund
  4236 | D:5      | Killed Edmund
  4237 | D:5      | Reached skill level 5 in Armour
  4509 | D:5      | Noticed Grinder
  4519 | D:5      | Killed Grinder
  4520 | D:5      | Reached XP level 8. HP: 71/71 MP: 7/7
  4744 | D:5      | Found an ornate altar of the Wu Jian Council.
  4926 | D:6      | Found a shimmering altar of Xom.
  4929 | D:6      | Found a stormy altar of Qazlal.
  4930 | D:6      | Found an opulent altar of Gozag.
  4931 | D:6      | Found a basalt altar of Yredelemnul.
  4933 | D:6      | Found a blossoming altar of Fedhas.
  4978 | D:6      | Reached skill level 5 in Maces & Flails
  4978 | D:6      | Reached skill level 5 in Dodging
  5013 | D:6      | Found a sand-covered staircase.
  5020 | Ossuary  | Entered an ossuary
  5174 | Ossuary  | Reached **** piety under Trog
  5423 | D:6      | Found a burning altar of Makhleb.
  5478 | D:6      | Noticed a blizzard demon
  5485 | D:6      | Found a glowing silver altar of Zin.
  5485 | D:6      | Noticed an angel
  6175 | D:7      | Noticed a hornet
  6178 | D:7      | Paralysed by a hornet for 3 turns
  6183 | D:7      | HP: 2/73 [hornet (10)]
  6184 | D:7      | Succumbed to a hornet's poison

Illustrated notes

Levels and vault maps discovered:
D:1:      sevenhm_arrival_forest_fort_small_4, layout_loops_ring
D:2:      kennysheep_big_flooded_room, layout_basic, basic_altar, uniq_natasha
D:3:      layout_loops_ring, dreamdust_ecumenical_altar_hidden_monk_grotto
D:4:      layout_basic, mainiacjoe_overflow_catwalk, marbit_many_paths,
          nicolae_tso_swordbearing_angel, kennysheep_mini,
          minmay_misc_feat_secret_circle
D:5:      layout_basic, nzn_wu_jian_council_hall, temple_pool_b, serial_shops,
          shop, uniq_edmund, uniq_duvessa, uniq_grinder
D:6:      layout_loops_ring, grunt_temple_overflow_order_and_chaos_2,
          minitemple, enter_ossuary_4
D:7:      layout_rooms, riverfiend_overflow_shadow_ancestor

Skill      XL: |  1  2  3  4  5  6  7  8 |
---------------+-------------------------+-----
Axes           | 4 5 |  5.4
Fighting       | 4 5 6 7 |  7.1
Dodging        | 3 4 5 |  5.5
Armour         | 3 4 6 7 |  7.4
Stealth        | 1 |  1.0
Maces & Flails | 2 4 6 |  6.2

Action                     |  1- 3 |  4- 6 |  7- 9 || total
---------------------------+-------+-------+-------++-------
  Melee: Hand axe          |    47 |    56 |       ||   103
         Headbutt          |    11 |    27 |    25 ||    63
         Punch             |     1 |     2 |     1 ||     4
         Whip              |       |    62 |   150 ||   212
 Invoke: Berserk           |     1 |     3 |     3 ||     7
    Use: Scroll            |       |       |     3 ||     3
   Stab: Sleeping          |     1 |       |       ||     1
 Armour: Animal skin       |     8 |     5 |       ||    13
         Plate armour      |       |    33 |    54 ||    87
  Dodge: Dodged            |    28 |    52 |    53 ||   133
